Cogmind - Beta 11.2 @@@ ROGUE MODE // 2023.02.15 @ 18:29:50 Player: Red Box Result: Destroyed by D-53 Grenadier with Mini Grenade Launcher Performance ------------- Evolutions (0) 0 Regions Visited (4) 800 Robots Destroyed (25) 125 Value Destroyed (554) 554 Prototype IDs (4) 80 Alien Tech Used (0) 0 Bonus (-6) -6 TOTAL SCORE: 1553 Bonus ------- Friendly Fire -6 Cogmind --------- Core Integrity 0/250 Matter 232/300 Energy 100/100 System Corruption 4% Temperature Cool (0) Movement Rolling (115) Ox1 Location -9/Mines Parts ------- > --- POWER (1) -------- (None) > --- PROPULSION (2) --- Compact Wheel Compact Wheel > --- UTILITY (2) ------ Improved Heat Sink High-capacity Storage Unit > --- WEAPON (2) ------- Ripper > --- INVENTORY (20) --- Ion Engine Compact Wheel High-capacity Battery (250) Machine Analyzer Targeting Computer Thief Drone Bay Heavy EM Pulse Gun Heavy EM Pulse Gun Heavy EM Pulse Gun Heavy EM Pulse Gun Particle Gun Particle Gun Particle Gun Particle Gun Mini Grenade Launcher EMP Trap EMP Trap EMP Trap EMP Trap Peak State ------------ > --- POWER ------------ Ion Engine > --- PROPULSION ------- Compact Wheel Compact Wheel > --- UTILITY ---------- Improved Heat Sink High-capacity Storage Unit > --- WEAPON ----------- EM Shotgun Ripper > --- INVENTORY -------- Ion Engine Compact Wheel High-capacity Battery Machine Analyzer Targeting Computer Thief Drone Bay Heavy EM Pulse Gun Heavy EM Pulse Gun Heavy EM Pulse Gun Heavy EM Pulse Gun Particle Gun Particle Gun Particle Gun Particle Gun Mini Grenade Launcher EMP Trap EMP Trap EMP Trap EMP Trap [Rating: 16] Favorites ----------- Power Ion Engine Engine Ion Engine Propulsion Wheel Leg Aluminum Leg Wheel Wheel Utility High-capacity Storage Unit Device Improved Terrain Scanner Storage High-capacity Storage Unit Weapon EM Shotgun Energy Gun EM Shotgun Launcher Mini Grenade Launcher Special Weapon Mining Laser Impact Weapon Maul Slashing Weapon Ripper Build | -11 -10 -10 -10 -9 ------- Run | Scr Mat Min Exi Min Slots Evolved . | . . . . . Power . | . . . . . Propulsion . | . . . . . Utility . | . . . . . Weapon . | . . . . . Parts Attached 33 | 9 16 1 . 7 Power 2 | 1 . . . 1 Engine 2 | 1 . . . 1 Core . | . . . . . Reactor . | . . . . . Propulsion 11 | 4 4 1 . 2 Treads . | . . . . . Leg 2 | 2 . . . . Wheel 9 | 2 4 1 . 2 Hover . | . . . . . Flight . | . . . . . Utility 4 | 2 1 . . 1 Device 2 | 1 . . . 1 Storage 2 | 1 1 . . . Processor . | . . . . . Hackware . | . . . . . Protection . | . . . . . Artifact . | . . . . . Weapon 16 | 2 11 . . 3 Energy Gun 10 | 2 7 . . 1 Energy Cannon . | . . . . . Ballistic Gun . | . . . . . Ballistic Cannon . | . . . . . Launcher 2 | . 1 . . 1 Special Weapon 1 | . 1 . . . Impact Weapon 2 | . 2 . . . Slashing Weapon 1 | . . . . 1 Piercing Weapon . | . . . . . Special Melee Weapon . | . . . . . Unidentified Prototypes . | . . . . . Parts Lost 9 | . 2 . . 7 Power 1 | . . . . 1 Propulsion 4 | . 2 . . 2 Utility 1 | . . . . 1 Weapon 3 | . . . . 3 Highest Loss Streak 7 | . 2 . . 7 To Critical Strikes . | . . . . . Average Slot Usage (%) 98 | . 98 100 100 90 Engine 14 | . 14 14 14 14 Wheel 27 | . 27 28 28 24 Device 13 | . 14 14 14 11 Storage 14 | . 14 14 14 14 Energy Gun 25 | . 23 28 28 16 Impact Weapon 1 | . 2 . . . Naked Turns . | . . . . . Heaviest Build 52 | 13 52 52 52 52 Greatest Support 32 | 20 20 26 26 32 Greatest Overweight (x) 4 | 2 4 2 1 3 Average Overweight (x) 1 | . 1 1 1 1 Largest Inventory Capacity 20 | 8 20 20 20 20 Average Capacity 19 | 7 19 20 20 20 Most Carried 20 | 8 20 20 20 20 Average Carried 17 | 6 16 19 19 19 Final Capacity 20 | 8 20 20 20 20 Final Carried 20 | 8 20 20 20 19 Class Distribution -------------------- 100% | Mutant Dominant Class ---------------- Mutant | -10/Materials Mutant | -10/Mines Mutant | -10/Exiles Mutant | -9/Mines Resources | -11 -10 -10 -10 -9 ----------- Run | Scr Mat Min Exi Min Matter Collected 512 | 290 180 10 . 32 Remotely . | . . . . . Salvage Created 678 | 74 313 256 . 35 Parts 57 | 16 22 19 . . Haulers Intercepted . | . . . . . Recyclers Shooed 1 | . 1 . . . Parts Field Recycled . | . . . . . Retrieved Matter . | . . . . . Parts Self-Destructed . | . . . . . Prevented . | . . . . . Kills | -11 -10 -10 -10 -9 ------- Run | Scr Mat Min Exi Min Combat Hostiles Destroyed 29 | . 10 8 . 11 Melee 4 | . 4 . . . Guns 10 | . 2 8 . . AOE 15 | . 4 . . 11 Classes Destroyed 7 | 1 5 . . 1 Worker 1 | . 1 . . . Tunneler 4 | 4 . . . . Mechanic 1 | . 1 . . . Watcher 1 | . 1 . . . Swarmer 7 | . 3 4 . . Grunt 11 | . 7 4 . . Assembled 11 | . . . . 11 Best Kill Streak 11 | 1 3 5 . 11 Combat Bots Only 11 | . 3 5 . 11 Max Kills in Single Turn 4 | 1 3 1 . 4 Gunslinging . | . . . . . Exploded 4 | . 3 . . 4 Melee 1 | . 1 . . . Uniques/NPCs Destroyed . | . . . . . Combat | -11 -10 -10 -10 -9 -------- Run | Scr Mat Min Exi Min Damage Taken 976 | . 290 145 . 541 Core 265 | . 70 29 . 166 Absorbed by Shields . | . . . . . Regen/Repaired (Parts) 9 | . 9 . . . Core Remaining (%) 100 | 100 . . . . Volleys Fired 42 | 7 16 12 . 7 Largest 2 | 2 2 2 . 2 Hottest 130 | 80 130 90 . 75 Shots Fired 77 | 14 30 24 . 9 Gun 68 | 14 27 24 . 3 Cannon . | . . . . . Launcher 8 | . 2 . . 6 Special 1 | . 1 . . . Kinetic . | . . . . . Thermal 42 | 14 28 . . . Explosive 8 | . 2 . . 6 Electromagnetic 27 | . . 24 . 3 Robot Hit Streak 6 | 5 4 6 . 4 Robot Miss Streak 6 | 2 6 3 . 2 Penetration Max . | . . . . . Secondary Targets . | . . . . . Shots Hit Robots 54 | 7 22 21 . 4 Core Hits 55 | 4 10 16 . 25 Critical Kills 1 | . 1 . . . Critical Parts Destroyed 3 | . 3 . . . Critical Strikes 4 | . 4 . . . Smash 4 | . 4 . . . Melee Attacks 25 | . 19 . . 6 Impact 19 | . 19 . . . Slashing 6 | . . . . 6 Piercing . | . . . . . Sneak Attacks 2 | . 2 . . . Combat Hostiles . | . . . . . Follow-up Attacks . | . . . . . Damage Inflicted 1990 | 81 881 300 . 728 Guns 531 | 81 172 247 . 31 Cannons . | . . . . . Explosions 964 | . 214 53 . 697 Melee 495 | . 495 . . . Ramming . | . . . . . Kinetic . | . . . . . Thermal 306 | 81 172 53 . . Explosive 911 | . 214 . . 697 Electromagnetic 278 | . . 247 . 31 Impact 495 | . 495 . . . Slashing . | . . . . . Piercing . | . . . . . Highest Corruption 4 | . . . . 4 Average Corruption 4 | . . . . 4 Corruption Purged . | . . . . . Corruption Blocked . | . . . . . Effects 1 | . . . . 1 Energy Discharges 1 | . . . . 1 Overload Shots . | . . . . . Overflow Damage 266 | . 266 . . . Projectiles . | . . . . . Explosions 8 | . 8 . . . Melee 258 | . 258 . . . Knockbacks 3 | . 3 . . . Impact 3 | . 3 . . . Kinetic . | . . . . . Secondary . | . . . . . Self-Inflicted Damage 17 | . . 17 . . Shots 1 | . . 1 . . Rammed . | . . . . . Targets Rammed . | . . . . . Kicked . | . . . . . Crushed . | . . . . . Highest Temperature 321 | 18 321 156 . 30 Average Temperature 62 | 12 89 62 . 15 Received Heat Transfer 229 | . 144 36 . 49 Siege Activations . | . . . . . Robots Corrupted . | . . . . . Combat Hostiles . | . . . . . Parts Fried 4 | . 3 1 . . Impact Corruptions 7 | . 7 . . . Robots Melted . | . . . . . Combat Hostiles . | . . . . . Parts Melted . | . . . . . Heat Transferred 610 | 175 385 50 . . Parts Sabotaged . | . . . . . Parts Stolen . | . . . . . Parts Stripped . | . . . . . Power Chain Reactions 1 | . . 1 . . Missiles Intercepted . | . . . . . Alert | -11 -10 -10 -10 -9 ------- Run | Scr Mat Min Exi Min Peak Influence 282 | 20 282 237 . 97 Initial 13 | . 13 10 . . Average 128 | 8 163 112 . 39 Maximum Alert Level 1 | . 1 1 . . Low Security (%) 70 | 100 66 66 . 100 Level 1 29 | . 33 33 . . Level 2 . | . . . . . Level 3 . | . . . . . Level 4 . | . . . . . Level 5 . | . . . . . High Security . | . . . . . Max Security . | . . . . . Squads Dispatched 3 | . 3 . . . Investigation 1 | . 1 . . . Extermination . | . . . . . Reinforcement 2 | . 2 . . . Assault . | . . . . . Garrison . | . . . . . Intercept . | . . . . . Searches Triggered . | . . . . . Construction Impeded . | . . . . . Haulers Reinforced . | . . . . . Active Scanning Responses . | . . . . . Cargo Convoy Interrupts . | . . . . . Stealth | -11 -10 -10 -10 -9 --------- Run | Scr Mat Min Exi Min Distress Signals . | . . . . . Communications Jammed . | . . . . . Distress Signals . | . . . . . Times Spotted 45 | . 15 8 . 22 Peak Tracking Total 20 | . 3 3 . 20 Tactical Retreats 2 | . 1 . . 1 Traps | -11 -10 -10 -10 -9 ------- Run | Scr Mat Min Exi Min Traps Triggered 1 | . 1 . . . Indirectly . | . . . . . Trap Hack Attempts . | . . . . . Triggered . | . . . . . Disarmed . | . . . . . Reprogrammed . | . . . . . Reused . | . . . . . Traps Extracted . | . . . . . Installed 1 | . . . . 1 Triggered . | . . . . . Most Traps Carried 4 | . . . . 4 Machines | -11 -10 -10 -10 -9 ---------- Run | Scr Mat Min Exi Min Machines Disabled . | . . . . . Max in Single Turn . | . . . . . Machines Sabotaged . | . . . . . Garrisons Compromised . | . . . . . Overloaded Fab Kills . | . . . . . Hacking | -11 -10 -10 -10 -9 --------- Run | Scr Mat Min Exi Min Machines Accessed 12 | . 9 1 2 . Terminals 6 | . 6 . . . Fabricators . | . . . . . Repair Stations 1 | . 1 . . . Recycling Units 2 | . 2 . . . Scanalyzers . | . . . . . Garrison Access . | . . . . . Total Hacks 28 | . 25 1 2 . Successful 17 | . 14 1 2 . Failed 11 | . 11 . . . Catastrophic 2 | . 2 . . . Database Lockouts . | . . . . . Manual 11 | . 11 . . . Terminals 16 | . 16 . . . Fabricators . | . . . . . Repair Stations 4 | . 4 . . . Recycling Units 5 | . 5 . . . Scanalyzers . | . . . . . Garrison Access . | . . . . . Terminal Hacks 10 | . 7 1 2 . Record 2 | . . . 2 . Robot Analysis 4 | . 4 . . . Prototype ID Bank 2 | . 2 . . . Open Door 1 | . . 1 . . Terminal Index 1 | . 1 . . . Fabricator Hacks . | . . . . . Repair Station Hacks 2 | . 2 . . . Scan Component 1 | . 1 . . . Repair 1 | . 1 . . . Recycling Unit Hacks 1 | . 1 . . . Retrieve Components 1 | . 1 . . . Scanalyzer . | . . . . . Garrison Access Hacks . | . . . . . Unauthorized Hacks 4 | . 4 . . . Terminals 3 | . 3 . . . Track 1 | . 1 . . . Assimilate 1 | . 1 . . . Operators 1 | . 1 . . . Fabricators . | . . . . . Repair Stations . | . . . . . Recycling Units 1 | . 1 . . . Tunnel 1 | . 1 . . . Scanalyzers . | . . . . . Garrison Access . | . . . . . Data Cores Recovered . | . . . . . Used . | . . . . . Hacking Detections 9 | . 9 . . . Full Trace Events . | . . . . . Feedback Events . | . . . . . Feedback Blocked . | . . . . . Robot Schematics Acquired . | . . . . . Robots Built . | . . . . . Authchips . | . . . . . Time . | . . . . . Total Robot Build Rating . | . . . . . Part Schematics Acquired . | . . . . . Parts Built . | . . . . . Authchips . | . . . . . Time . | . . . . . Total Part Build Rating . | . . . . . Parts Repaired 1 | . 1 . . . Time 26 | . 26 . . . Parts Recycled . | . . . . . Recycled Matter . | . . . . . Retrieved Matter . | . . . . . Retrieved Components 1 | . 1 . . . Parts Scanalyzed . | . . . . . Part Schematics Acquired . | . . . . . Parts Damaged . | . . . . . Bothacking | -11 -10 -10 -10 -9 ------------ Run | Scr Mat Min Exi Min Used RIF Installer . | . . . . . Robots Hacked . | . . . . . Non-combat . | . . . . . Combat . | . . . . . Robot Hacks Applied . | . . . . . Relay Couplers Released . | . . . . . Fabnet Peak Effective % . | . . . . . Robots Rewired . | . . . . . Allies Hacked . | . . . . . Hacks Repelled . | . . . . . Allies | -11 -10 -10 -10 -9 -------- Run | Scr Mat Min Exi Min Total Allies 1 | . . . . 1 Largest Group 1 | . . . . 1 Highest-Rated Group 31 | . . . . 31 Highest-Rated Ally 31 | . . . . 31 Total Orders . | . . . . . Ally Attacks 16 | . . . . 16 Total Damage 187 | . . . . 187 Kills 5 | . . . . 5 Allies Corrupted . | . . . . . Allies Melted . | . . . . . Intel | -11 -10 -10 -10 -9 ------- Run | Scr Mat Min Exi Min Robot Analysis Total 4 | . 4 . . . Derelict Logs Recovered . | . . . . . Drone Launches . | . . . . . Drone Recoveries . | . . . . . Exploration | -11 -10 -10 -10 -9 ------------- Run | Scr Mat Min Exi Min Turns Passed 2586 | 165 1201 805 303 112 Spaces Moved 1777 | 111 686 631 288 61 Core 7 | 7 . . . . Treads . | . . . . . Legs 66 | 66 . . . . Wheels 1704 | 38 686 631 288 61 Hover . | . . . . . Flight . | . . . . . Fastest Speed 50 | 50 80 105 105 105 Average Speed 106 | 106 108 105 105 109 Slowest Speed 190 | 190 140 110 105 145 Overloaded Moves . | . . . . . Propulsion Burnouts . | . . . . . Robots Hopped . | . . . . . Cave-ins Triggered . | . . . . . Exploration Rate (%) 54 | 4 87 95 67 20 Regions Visited 4 Branch Regions 3 Pre-discovered Areas 2 | . 1 1 . . Known Exits Taken . | . . . . . Unknown Exits Taken 4 | 1 1 1 1 . Scrap Searched 1 | . . 1 . . Spaces Dug 7 | . 1 . . 6 Terrain Destroyed 90 | . 23 11 . 56 Melee 6 | . . . . 6 Projectile 1 | . 1 . . . AOE 83 | . 22 11 . 50 Terrain Rammed . | . . . . . Walls Destroyed . | . . . . . Machines Disabled . | . . . . . Actions | -11 -10 -10 -10 -9 --------- Run | Scr Mat Min Exi Min Total 2331 | 140 1069 746 289 87 Wait 400 | . 302 97 . 1 Move 1773 | 110 685 630 287 61 Hop . | . . . . . Pick Up 40 | 10 22 3 1 4 Fast Attach 11 | 9 2 . . . Attach 9 | . 4 . . 5 Detach 1 | . 1 . . . Swap 13 | . 10 1 . 2 Drop 16 | 4 8 3 1 . Fire 42 | 7 16 12 . 7 Melee 25 | . 19 . . 6 Ram . | . . . . . Kick . | . . . . . Crush . | . . . . . Escape Stasis . | . . . . . Rewire . | . . . . . Trap 1 | . . . . 1 Miscellaneous . | . . . . . Route ------- -11/Scrapyard -10/Materials (discovered 5 exits: [*Mat x3] / *Min x2) -10/Mines (discovered 3 exits: [*Mat x2] / *Exi) -10/Exiles -9/Mines History --------- Turn | Location | Event 35 | -11/Scrapyard | Discovered new exit (range 14) 166 | -11/Scrapyard | Entered Materials 317 | -10/Materials | Build established: Mutant 325 | -10/Materials | Discovered new exit (range 16) 444 | -10/Materials | Discovered new exit (range 7) 785 | -10/Materials | Discovered new exit (range 7) 787 | -10/Materials | Discovered new exit (range 16) 1041 | -10/Materials | Discovered new exit (range 13) 1283 | -10/Materials | Repaired Wheel 1367 | -10/Materials | Entered Mines 1369 | -10/Mines | Met a Derelict bent on vengeance 1524 | -10/Mines | Found the Drone Emporium 1528 | -10/Mines | Found Prototype Device 1654 | -10/Mines | Learned location of Storage (-7) 1758 | -10/Mines | Discovered new exit (range 3) 1785 | -10/Mines | Discovered new exit (range 13) 2062 | -10/Mines | Excavation squad dispatched 2062 | -10/Mines | A large section of the Mines collapsed 2082 | -10/Mines | Deemed a non-threat by the Exiles lab entrance 2117 | -10/Mines | A weapon hastily lodged in a ceiling crevice suddenly fell to the ground 2167 | -10/Mines | Discovered new exit (range 5) 2172 | -10/Mines | Entered Exiles 2172 | -10/Exiles | Found Exiles lab abandoned 2465 | -10/Exiles | Discovered new exit (range 11) 2475 | -10/Exiles | Entered Mines 2478 | -9/Mines | Received a Mining Laser from a helpful Derelict 2512 | -9/Mines | Assembled infested the area 2514 | -9/Mines | Found a hidden stash of uninstalled traps 2517 | -9/Mines | Assisted by a Guerilla fighting off Assembled 2533 | -9/Mines | Core integrity fell below 50% 2558 | -9/Mines | Destroyed 11 combat bots 2586 | -9/Mines | Core integrity fell below 20% 2587 | -9/Mines | Destroyed by D-53 Grenadier with Mini Grenade Launcher Last Messages --------------- 02533_ Knocked back. 02536_ as-79158 suffers critical hit (Burn). 02536_ as-79158 destroyed. 02536_ Imp. Terrain Scanner destroyed. 02537_ as-92688 destroyed. 02538_ as-06499 destroyed. 02540_ The unstable cave ceiling collapses. 02544_ as-06599 destroyed. 02545_ Acquired EMP Trap. 02547_ The unstable cave ceiling collapses. 02547_ Acquired EMP Trap. 02550_ The unstable cave ceiling collapses. 02550_ Acquired 32 matter. 02562_ System corrupted: Energy discharge (-67). 02563_ EM Shotgun destroyed. 02563_ GN-VFK(g) destroyed. 02563_ as-73292 destroyed. 02580_ The unstable cave ceiling collapses. 02583_ Ion Engine destroyed. 02585_ The unstable cave ceiling collapses. Map ----- +----------------------------------------------------+ | ??????????????????????????????????? | | ??????????????????????????????????? | | ????? ?????????????????????????? | | ????? ?????????????????????????? | | ???? % ?????????????????????????? | | ????% %###???????????????????????? | | ??### "# ##??# ??????????????????? | | ??# % ### ???????????????? | | ??# % ???????????????? | | ??# ???????????????? | | ??# # ???? ????????????? | | ??# ## =%! #?????????????????? | | ??? # # ???#?? ????????????? | | ???? ##????? ????????????? | | ???## # ##### ????????????? | | ??## % ????????????? | | ### d ?????????????? | | ?#### d #??????????????????? | | ?# #??????? ??????????? | | ?# ####???????????????? | | ??# ##??????????????? | | ??# ##?????????????? | | #?# #??????????????? | | ??# % ##??????????????? | | ??# #####????#??????????? | | ??## @ ##?????##?#??#??#????? | | ???## ## #?????# ???????????? | | ??#?###?### ##????# #????????????? | | ??????????## #????# #????????????? | | ??????###?## #?#??# #????????????? | | ?????## ## ##???# #????????????? | | ????## ##### #????????????? | | ?????# ## ###########??? | | ?????## # #### | | ??????# | | ??????# ####### | | ??????# #?????#### | | ???#??## #### #?#?????# | | ???????##???## #??????## | | ?????????????## #?#?????### | | ??????????????#### ##?????????? | | ?????????????????#######??????????? | | ????????????#?????????????????????? | | ????????????????????????????#?????? | | | | | | | | | | | | | +----------------------------------------------------+ Best States ------------- Heat Dissipation 39 Energy Generation 10 Energy Capacity 250 Matter Stores 300 Matter Capacity 300 Sight Range 16 Terrain Scan Range 16 Terrain Scan Density 10 Evasion (%) 55 Item Schematics ----------------- None Robot Schematics ------------------ None Fabricated ------------ Nothing Alien Tech Used ----------------- None Achievements -------------- None Challenges ------------ None Game ------ Seed ClaymoresGrenadeMantle Manual? 0 Play Time 00:22:01 Cumulative 442.2 hours Start 2023.02.15 @ 17:04:38 End 2023.02.15 @ 18:29:50 Sessions 1 Manual Loads 0 Difficulty Rogue Special Mode None Game No. 339 Rogue 339 Adventurer 0 Explorer 0 Win Type - Total 0 Types 0/0/0/0/0/0/0/0/0 Lore% 65 Gallery% 74 Achievement% 55 Wizard Run 0 Options --------- ASCII 0 Keyboard 0 Movement Mouse Keybinds 0 Fullscreen 1 Font 16/SmallcapsGlow Map View 75x55 Tactical HUD 1 Map Filters NONE Filters NONE Steam 1 RUN: 396ca49a-f20d-4320-bd01-6afc94c5236e